 Dungeon Crawl Stone Soup version 0.14-a0-1739-g6c2808e (webtiles) character file.

127 Jenx the Cudgeler (level 3, 11/21 HPs)
             Began as a Gargoyle Skald on Jan 3, 2014.
             Quit the game on Level 2 of the Dungeon.
             The game lasted 00:02:52 (1051 turns).

Jenx the Cudgeler (Gargoyle Skald)                  Turns: 1051, Time: 00:02:53

HP  11/21        AC  6     Str 15      XL: 3   Next: 62%
MP   6/6         EV 10     Int 13      God:
Gold 83          SH  0     Dex  9      Spells:  1 memorised,  5 levels left

rFire  . . .     SeeInvis .     a - +0 mace
rCold  . . .     Clarity  .     b - +0 leather armour
rNeg   + . .     Conserve .     (no shield)
rPois  +         rCorr    .     (no helmet)
rElec  +         rRot     +     (no cloak)
SustAb . .       Spirit   .     (no gloves)
rMut   .         Warding  .     (no boots)
Saprov . . .     Stasis   .     (no amulet)
                                (no ring)
                                (no ring)

@: not resistant to hostile enchantments, very unstealthy
A: life protection 1, electricity resistance, unbreathing, petrification
resistance, AC +3
a: no special abilities


You were on level 2 of the Dungeon.
You were not hungry.

You visited 1 branch of the dungeon, and saw 2 of its levels.

You collected 83 gold pieces.

Inventory:

Hand weapons
 a - a +0,+0 mace (weapon)
Armour
 b - a +0 leather armour (worn)
Comestibles
 d - 2 bread rations
 l - 2 chunks of hobgoblin flesh
 n - a chunk of quokka flesh
 o - a choko
 s - a meat ration
 t - 2 chunks of giant mite flesh
 u - a chunk of adder flesh
Scrolls
 e - a scroll of amnesia {unknown}
 g - a scroll of blinking {unknown}
 j - a scroll of fog {unknown}
 k - 2 scrolls of remove curse {unknown}
 m - a scroll of recharging {unknown}
 q - a scroll of identify {unknown}
 r - a scroll of teleportation {unknown}
Potions
 f - 3 potions of curing {unknown}
 h - a potion of magic {unknown}
 p - a potion of heal wounds {unknown}
 v - a potion of degeneration {unknown}
Books
 c - a book of Battle

   Spells                             Type                      Level
   *Infusion                          Charms                       1
   Shroud of Golubria                 Charms/Translocation         2
   Song of Slaying                    Charms                       2
   Spectral Weapon                    Hexes/Charms                 3
   Regeneration                       Charms/Necromancy            3


   Skills:
 - Level 2.1 Fighting
 * Level 4.2 Maces & Flails
 - Level 1.1 Armour
 - Level 0.7 Dodging
 - Level 2.0 Spellcasting
 - Level 2.6 Charms


You had 5 spell levels left.
You knew the following spells:

 Your Spells              Type           Power        Failure   Level  Hunger
a - Infusion              Chrm           #.....       10%         1    ##.....


Dungeon Overview and Level Annotations

Branches:
Dungeon (2/16)

Altars:
Cheibriados


Innate Abilities, Weirdness & Mutations

You are resistant to torment.
You are immune to poison.
Your stone body is very resilient (AC +3).
You resist negative energy.
You are resistant to electric shocks.
You can survive without breathing.
You are immune to petrification.


Message History

Eat a chunk of bat flesh? (ye/n/q/i?) This raw flesh tastes terrible.
You continue eating.
You now have 83 gold pieces (gained 14).
An adder comes into view.
Found 6 gold pieces.
The adder closely misses you. The adder bites you but does no damage.
You hit the adder.
The adder is lightly wounded.
The adder misses you.
You hit the adder but do no damage.
The adder is lightly wounded.
The adder closely misses you. The adder bites you.
You barely miss the adder. The adder bites you but does no damage.
You barely miss the adder. The adder bites you but does no damage.
The adder misses you.
You closely miss the adder. The adder bites you but does no damage.
You sock the adder!
You kill the adder!
Are you sure you want to abandon this character and quit the game? (Confirm with "yes".)

#.........#.# ####
#.........#.###...
#####....#........'...
#....#....#.....####...
#....#....#.....# #.).
+............#######...
#.........#####...##...
#.........# #...###.#
#.....@...# #...###'#
#.........# #...#....
###.......# #...#....
#.....#######...#....
+..$.................
#.....#########......
####### ###'#....
#........ #........


There were no monsters in sight!

Vanquished Creatures
  2 adders (D:2)
  A giant mite (D:2)
  A giant gecko (D:1)
  3 bats
  A giant cockroach (D:1)
  4 hobgoblins
  A quokka (D:2)
  A giant newt (D:1)
  3 goblins
  2 kobolds
  A rat (D:1)
20 creatures vanquished.

Notes
Turn   | Place    | Note
--------------------------------------------------------------
     0 | D:1      | Jenx, the Gargoyle Skald, began the quest for the Orb.
     0 | D:1      | Reached XP level 1. HP: 12/12 MP: 3/3
   285 | D:1      | Reached XP level 2. HP: 17/17 MP: 4/4
   414 | D:1      | Reached skill level 3 in Maces & Flails
   832 | D:2      | Found a snail-covered altar of Cheibriados.
   991 | D:2      | Reached XP level 3. HP: 16/21 MP: 6/6
  1013 | D:2      | Reached skill level 4 in Maces & Flails
  1051 | D:2      | Quit the game

Action                   || total
-------------------------++-------
Melee: Mace              ||   102
